 Dungeon Crawl Stone Soup version 0.26-a0-540-g8a0c9464d7 (webtiles) character file.

Game seed: 4035053702530331558

39 vurker the Sneak (level 3, -1/30 HPs)
             Began as a Formicid Delver on Aug 24, 2020.
             Killed from afar by an orc wizard (7 damage)
             ... with a magic dart
             ... on level 4 of the Dungeon.
             The game lasted 00:00:39 (309 turns).

vurker the Sneak (Formicid Delver)                   Turns: 309, Time: 00:00:39

Health: -1/30      AC:  8    Str: 17    XL:     3   Next: 70%
Magic:  3/3        EV:  7    Int:  9    God:
Gold:   24         SH:  0    Dex: 12    Spells: 2/2 levels left

rFire    . . .     SeeInvis +   a - +0 hand axe
rCold    . . .     Faith    .   (no shield)
rNeg     . . .     Spirit   .   f - +0 chain mail
rPois    .         Reflect  .   (helmet unavailable)
rElec    .         Harm     .   (no cloak)
rCorr    .                      (no gloves)
MR       .....                  (no boots)
Stlth    ..........             (no amulet)
HPRegen  0.10/turn              (no ring)
MPRegen  0.08/turn              (no ring)

@: no status effects
A: permanent stasis, dig shafts and tunnels, four strong arms, antennae 3
a: Dig, Shaft Self


You were on level 4 of the Dungeon.
You visited 1 branch of the dungeon, and saw 2 of its levels.

You collected 24 gold pieces.

Inventory:

Hand Weapons
 a - a +0 hand axe (weapon)
Armour
 f - a +0 chain mail (worn)
   (You found it on level 5 of the Dungeon)
Wands
 v - a wand of digging (3)
Scrolls
 c - a scroll of fog
 d - a scroll of magic mapping
 e - a scroll of fear


   Skills:
 + Level 3.9 Fighting
 * Level 3.2 Axes
 - Level 1.7 Dodging
 - Level 6.0 Stealth


You had 2 spell levels left.
You didn't know any spells.
Your spell library was empty.

Dungeon Overview and Level Annotations

Branches:
Dungeon (5/15)
 Temple: D:4-7

Altars:


Innate Abilities, Weirdness & Mutations

You cannot be hasted, slowed, berserked, paralysed or teleported.
You can dig through walls and to a lower floor.
Your four strong arms can wield two-handed weapons with a shield.
You have a pair of large antennae on your head. (SInv)


Message History

You slash the orc wizard!
The orc wizard hits you but does no damage.
The orc wizard points at you and mumbles some strange words.
The puff of flame hits you!
* * * LOW HITPOINT WARNING * * *
You closely miss the orc wizard.
The orc wizard hits you with a +0 dagger.
* * * LOW HITPOINT WARNING * * *
The orc wizard barely misses you.
You hit the orc wizard.
You kill the orc wizard!
Your Axes skill increases to level 3!
You have reached level 2!
You have reached level 3!
Your experience leads to an increase in your attributes!
Increase (S)trength, (I)ntelligence, or (D)exterity?
You feel stronger.
You hit the orc. The orc hits you but does no damage.
You closely miss the orc. The orc hits you with a +0 club.
* * * LOW HITPOINT WARNING * * *
You slash the orc!
You kill the orc!
A leopard gecko comes into view.
The orc hits you.
* * * LOW HITPOINT WARNING * * *
You barely miss the orc.
The leopard gecko hisses angrily.
You hear a shout!
The orc hits you but does no damage.
You closely miss the orc. The orc closely misses you.
You slash the orc!
You kill the orc!
You slash the orc!
You kill the orc!
An orc wizard comes into view. It is wielding a +0 glaive.
The orc wizard shouts!
You hit the leopard gecko. The leopard gecko barely misses you.
The orc wizard barely misses you. The leopard gecko closely misses you.
You closely miss the leopard gecko.
The orc wizard mumbles some strange words.
The orc wizard seems to speed up.
The leopard gecko bites you.
* * * LOW HITPOINT WARNING * * *
You hit the leopard gecko.
You kill the leopard gecko!
The orc wizard gestures at you while chanting.
You resist with some effort. The orc wizard casts a spell at you.
You resist with some effort.
The orc wizard points at you and mumbles some strange words.
The magic dart hits you!
You die...

#.#######
.....)..#####
#.o#...#
#@#>.♣ {{
#.##...# #.#
#### ...
..... {
.##.##. { ..
#.# .#{{ #.
#.. # . ###


You could see an orc wizard (fast).

Vanquished Creatures
  An orc wizard (D:4)
  A worm (D:5)
  A leopard gecko (D:4)
  3 orcs (D:4)
6 creatures vanquished.

Notes
Turn   | Place    | Note
-------+----------+-------------------------------------------
     0 | D:5      | vurker the Formicid Delver began the quest for the Orb.
     0 | D:5      | Reached XP level 1. HP: 18/18 MP: 1/1
   282 | D:4      | Noticed an orc wizard
   298 | D:4      | Killed an orc wizard
   298 | D:4      | Reached XP level 2. HP: 7/25 MP: 2/2
   298 | D:4      | Reached XP level 3. HP: 8/30 MP: 3/3
   309 | D:4      | Killed from afar by an orc wizard

Illustrated notes

Levels and vault maps discovered:
D:4:      layout_loops_ring, gammafunk_temple_overflow_elements, bloody_trog,
          nicolae_ru_great_annihilating_truth, grunt_ministairs_4,
          chequers_serial_rivers_micro_c
D:5:      layout_gridville, old_standard_altar, lemuel_crystal_altar,
          fedhas_bush_and_centaur_altar, kennysheep_nondescript,
          uniq_crazy_yiuf_cottage

Skill      XL: |  1 |
---------------+----+-----
Axes           | 3 |  3.2
Fighting       | |  3.9
Dodging        | |  1.7
Stealth        | |  6.0

Action                   || total
-------------------------++-------
Melee: Hand axe          ||    36
 Abil: Dig               ||     1
Armor: Chain mail        ||    15
Dodge: Dodged            ||     9

Table legend: (Time is in decaauts)
 A = Elapsed time spent in this place.
 B = Non-inter-level travel time spent in this place.
 C = Inter-level travel time spent in this place.
 D = Time resting spent in this place.
 E = Time spent auto-exploring this place.
 F = Levels seen in this place.
 G = Mean time per level.
                   A        B        C        D        E       F      G
               +--------+--------+--------+--------+--------+-----+--------+
         Total |    315 |    315 |      0 |    148 |     65 |   2 |  157.5 |
       Dungeon |    315 |    315 |      0 |    148 |     65 |   2 |  157.5 |
               +--------+--------+--------+--------+--------+-----+--------+

Top non-repeatable levels by time:
     D:5: 284 daAuts
     D:4: 30 daAuts
